 Dungeon Crawl Stone Soup version 0.27.0-1-g7a089689b8 (webtiles) character file.

Game seed: 1765620904321811753

1015 ZombieSheep the Skirmisher (level 8, -1/87 HPs)
             Began as an Ogre Hunter on Aug 3, 2021.
             Was an Initiate of Okawaru.
             Slain by a vampire mosquito (6 damage)
             ... on level 6 of the Dungeon.
             The game lasted 00:20:39 (7592 turns).

ZombieSheep the Skirmisher (Ogre Hunter)            Turns: 7592, Time: 00:20:40

Health: -1/87      AC:  6    Str: 17    XL:     8   Next: 21%
Magic:  8/8        EV: 10    Int: 12    God:    Okawaru [......]
Gold:   216        SH:  0    Dex: 11    Spells: 7/7 levels left

rFire    . . .     SeeInvis .   b - +1 whip (holy)
rCold    . . .     Faith    .   (no shield)
rNeg     . . .     Spirit   .   x - +0 robe
rPois    +         Reflect  .   u - +2 hat
rElec    .         Harm     .   l - +0 cloak
rCorr    .         Rampage  .   (gloves unavailable)
Will     .....                  (boots unavailable)
Stlth    +.........             (no amulet)
HPRegen  0.24/turn              o - ring of poison resistance
MPRegen  0.11/turn              (no ring)

@: no status effects
A: large, unfitting armour, tough skin 1
a: Renounce Religion


You were on level 6 of the Dungeon.
You worshipped Okawaru.
Okawaru was noncommittal.
You visited 2 branches of the dungeon, and saw 7 of its levels.

You collected 216 gold pieces.

Inventory:

Hand Weapons
 a - a +0 flail of venom
 b - a +1 whip of holy wrath (weapon)
Missiles
 f - 199 stones (quivered)
 j - 23 poisoned darts
Armour
 l - a +0 cloak (worn)
 s - a +0 kite shield
 u - a +2 hat (worn)
 x - a +0 robe (worn)
Jewellery
 o - a ring of poison resistance (left hand)
Wands
 t - a wand of acid (12)
 v - a wand of iceblast (10)
 w - a wand of digging (9)
Scrolls
 e - a scroll of brand weapon {unknown}
 m - a scroll of fear {unknown}
 n - a scroll of vulnerability
 p - 2 scrolls of enchant armour
 y - a scroll of teleportation {unknown}
Potions
 g - 2 potions of mutation
 h - a potion of degeneration {unknown}
 i - 2 potions of lignification {unknown}
 k - 3 potions of curing {unknown}
 q - a potion of flight
 r - a potion of haste {unknown}
 z - a potion of might {unknown}


   Skills:
 + Level 7.1 Fighting
 + Level 3.4 Maces & Flails
 + Level 5.7 Throwing
 - Level 0.2 Armour
 + Level 4.1 Dodging
 - Level 0.6 Stealth
 - Level 2.1 Shields
 + Level 0.6 Invocations


You had 7 spell levels left.
You didn't know any spells.
Your spell library contained the following spells:

 Spells                   Type           Power      Damage    Failure   Level
 Fireball                 Conj/Fire      0%         3d3       100%        5
 Starburst                Conj/Fire      0%         8x6d3     100%        6
 Ignition                 Fire           0%         3d3       100%        8


Dungeon Overview and Level Annotations

Branches:
Dungeon (6/15)             Temple (1/1) D:6

Altars:
Ashenzari
Cheibriados
Elyvilon
Fedhas
Gozag
Hepliaklqana
Kikubaaqudgha
Makhleb
Okawaru
Qazlal
Sif Muna
Uskayaw
Vehumet
Wu Jian
Xom
Yredelemnul
The Shining One

Shops:
D:5 =

Annotations:
D:5 2 transporters


Innate Abilities, Weirdness & Mutations

You are too large for most types of armour.
You have tough skin. (AC +1)


Message History

* * * LOW HITPOINT WARNING * * *
The vampire mosquito draws strength from your injuries!
The vampire mosquito bites you.
* * * LOW HITPOINT WARNING * * *
The vampire mosquito draws strength from your injuries!
The vampire mosquito bites you but does no damage.
The vampire mosquito bites you.
* * * LOW HITPOINT WARNING * * *
The vampire mosquito draws strength from your injuries!
Aiming: Iceblast
Press: ? - help, Shift-Dir - straight line, f/p - vampire mosquito
Aim: a vampire mosquito
Okay, then.
Throw: 2 throwing nets
Press: ? - help, Q - select action, (/) - cycle Shift-Dir - straight line, f/p - vampire mosquito
Aim: a vampire mosquito (44% to hit)
You throw a throwing net.
The throwing net closely misses the vampire mosquito.
The vampire mosquito bites you!
* * * LOW HITPOINT WARNING * * *
The vampire mosquito draws strength from your injuries!
Throw: throwing net
Press: ? - help, Q - select action, (/) - cycle Shift-Dir - straight line, f/p - vampire mosquito
Aim: a vampire mosquito (44% to hit)
You throw a throwing net.
The throwing net hits the vampire mosquito.
The vampire mosquito is caught in the net!
The vampire mosquito struggles against the net.
You strike the helpless vampire mosquito from behind!
You hit the vampire mosquito.
The vampire mosquito convulses.
The vampire mosquito is moderately damaged.
The vampire mosquito struggles against the net.
The net rips apart, and the vampire mosquito comes free!
The vampire mosquito bites you.
* * * LOW HITPOINT WARNING * * *
The vampire mosquito draws strength from your injuries!
You closely miss the vampire mosquito.
The vampire mosquito is moderately damaged.
The vampire mosquito bites you.
You die...

...###(# ##. #.###....>..
#...# #.#
##..#####.#.........
##...#
##.####..#.............(..
#......
♣..............#........
##..###
.####...................
.## #.
##........####...##. ##
#.###.......# #######
#(.........# #..y@......#
#..##......# #...#
#......# #### ########


You could see a vampire mosquito.

Vanquished Creatures
  An ogre (D:5)
  A necrophage (D:4)
  A centaur (D:6)
  A kobold brigand (D:5)
  A wyvern zombie (D:6)
  2 scorpions
  A centaur zombie (D:6)
  An orc priest (D:6)
  Crazy Yiuf (D:3)
  A hound (D:5)
  A jelly (D:5)
  Terence (D:3)
  2 iguanas
  2 orc wizards
  A hound skeleton (D:5)
  4 gnolls (D:5)
  6 adders
  2 white imps
  A worm (D:4)
  4 dart slugs
  10 orcs
  7 bats
  12 endoplasms
  5 giant cockroaches
  8 goblins
  12 hobgoblins
  8 jackals
  3 quokkas
  6 ball pythons
  8 frilled lizards
  10 kobolds
  13 rats
137 creatures vanquished.

Vanquished Creatures (others)
  8 plants (D:5)
8 creatures vanquished.

Grand Total: 145 creatures vanquished

Notes
Turn   | Place    | Note
-------+----------+-------------------------------------------
     0 | D:1      | ZombieSheep the Ogre Hunter began the quest for the Orb.
     0 | D:1      | Reached XP level 1. HP: 22/22 MP: 1/1
   136 | D:1      | Reached skill level 3 in Fighting
   376 | D:1      | Reached XP level 2. HP: 15/31 MP: 2/2
   983 | D:1      | Found a faded altar of an unknown god.
  1004 | D:1      | Reached XP level 3. HP: 32/37 MP: 3/3
  1961 | D:2      | Reached skill level 4 in Fighting
  1961 | D:2      | Reached skill level 1 in Maces & Flails
  2102 | D:2      | Reached XP level 4. HP: 42/48 MP: 4/4
  2752 | D:3      | Reached XP level 5. HP: 52/55 MP: 5/5
  2956 | D:3      | Reached skill level 5 in Fighting
  2998 | D:3      | Noticed Terence
  3001 | D:3      | Killed Terence
  3173 | D:3      | Found a runed translucent door.
  3174 | D:3      | Noticed Crazy Yiuf
  3587 | D:3      | Killed Crazy Yiuf
  3588 | D:3      | Reached XP level 6. HP: 60/66 MP: 6/6
  4186 | D:5      | Entered Level 5 of the Dungeon
  4263 | D:5      | Noticed a necrophage
  4401 | D:4      | Killed a necrophage
  4402 | D:4      | Reached skill level 6 in Fighting
  4402 | D:4      | Reached skill level 5 in Throwing
  4482 | D:5      | Found a transporter.
  4486 | D:5      | Found a transporter.
  4492 | D:5      | Found Zehept's Jewellery Emporium.
  4527 | D:5      | Reached XP level 7. HP: 75/75 MP: 7/7
  4706 | D:5      | Reached skill level 1 in Shields
  5274 | D:5      | Found a shimmering altar of Xom.
  6428 | D:6      | Reached XP level 8. HP: 32/84 MP: 8/8
  6673 | D:6      | Found a staircase to the Ecumenical Temple.
  6708 | Temple   | Entered the Ecumenical Temple
  6867 | Temple   | Became a worshipper of Warmaster Okawaru
  6902 | D:6      | Reached skill level 7 in Fighting
  7071 | D:6      | Noticed a gargoyle
  7592 | D:6      | Slain by a vampire mosquito

Illustrated notes

Levels and vault maps discovered:
D:1:      minmay_arrival_floating_metal, layout_basic,
          ebering_ecumenical_altar_abandoned, minmay_misc_feat_room,
          minmay_unequal
D:2:      layout_basic
D:3:      layout_basic, uniq_terence, uniq_crazy_yiuf_cottage
D:4:      layout_rooms, serial_park_tiny_pond
D:5:      gammafunk_wand_slinger, layout_layer_cave, tgw_xom,
          minmay_statues_item, minmay_shop_enchanted_jewellery,
          hangedman_decor_riveting, lexackson_kobold_supper
D:6:      layout_rooms, nicolae_overflow_crystal_walls,
          minmay_temple_entry_hall, kb_rosetta
Temple:   regret_index_temple_sphere_string

Skill      XL: |  1  2  3  4  5  6  7  8 |
---------------+-------------------------+-----
Fighting       | 3 4 5 6 7 |  7.1
Dodging        | 2 3 4 |  4.1
Maces & Flails | 1 2 3 |  3.4
Throwing       | 5 |  5.7
Shields        | 2 |  2.1
Armour         | |  0.2
Stealth        | |  0.6
Invocations    | |  0.6

Action                   |  1- 3 |  4- 6 |  7- 9 || total
-------------------------+-------+-------+-------++-------
Melee: Short sword       |    20 |       |       ||    20
       Club              |    65 |       |       ||    65
       Whip              |    23 |    23 |    26 ||    72
       Flail             |       |    38 |    86 ||   124
Throw: Large rock        |     8 |     8 |     8 ||    24
       Throwing net      |     2 |       |     3 ||     5
       Stone             |    35 |       |    84 ||   119
       Dart              |    20 |       |       ||    20
       Boomerang         |     7 |   113 |    13 ||   133
  Use: Scroll            |     2 |     4 |     2 ||     8
 Stab: Held in net/web   |       |       |     1 ||     1
Armor: Robe              |    57 |    23 |    83 ||   163
Dodge: Dodged            |    74 |    38 |    81 ||   193
